 Dungeon Crawl Stone Soup version 0.29-a0-369-gd956c00756 (webtiles) character file.

Game seed: 8294511396713164516

189 Shayle the Skirmisher (level 5, -3/33 HPs)
             Began as a Tengu Brigand on May 2, 2022.
             Slain by a mummy (18 damage)
             ... in an ossuary.
             The game lasted 00:04:15 (2074 turns).

Shayle the Skirmisher (Tengu Brigand)               Turns: 2074, Time: 00:04:15

Health: -3/33      AC:  3    Str: 11    XL:     5   Next: 68%
Magic:  2/2        EV: 17    Int: 12    God:
Gold:   104        SH:  0    Dex: 22    Spells: 4/4 levels left

rFire   . . .      SeeInvis .   i - +3 spear of Sudiydou {antimagic, rElec Dex+5}
rCold   . . .      Faith    .   (no shield)
rNeg    . . .      Spirit   .   b - +0 robe
rPois   .          Reflect  .   (helmet restricted)
rElec   +          Harm     .   c - +0 cloak
rCorr   .          Rampage  .   (no gloves)
Will    .....                   (boots unavailable)
Stlth   +++.......              (no amulet)
HPRegen 0.11/turn               (no ring)
MPRegen 0.08/turn               (no ring)

@: flying quickly and evasively, quick
A: beak, talons 3, nimble flight
a: no special abilities


You were in an ossuary.
You visited 1 branch of the dungeon, and saw 4 of its levels.
You also visited: Ossuary.

You collected 104 gold pieces.

Inventory:

Hand Weapons
 a - a +2 dagger
 i - the +3 spear of Sudiydou (weapon) {antimagic, rElec Dex+5}
   (You found it on level 2 of the Dungeon)

   It reduces the magical energy of the wielder, and disrupts the spells and
   magical abilities of those it strikes.
   Natural abilities and divine invocations are not affected.
   Dex:       It affects your dexterity (+5).
   rElec:     It insulates you from electricity.
 m - a +1 trident of flaming
Missiles
 d - 9 poisoned darts (quivered)
 e - 6 curare-tipped darts
Armour
 b - a +0 robe (worn)
 c - a +0 cloak (worn)
Jewellery
 h - a ring of protection from cold
Scrolls
 j - 4 scrolls of teleportation {unknown}
 k - 2 scrolls of identify {unknown}
 l - a scroll of silence {unknown}
 n - a scroll of amnesia {unknown}
Potions
 f - a potion of brilliance {unknown}
 g - a potion of curing
 o - a potion of degeneration {unknown}


   Skills:
 + Level 4.2 Fighting
 - Level 2.1 Short Blades
 - Level 2.0 Throwing
 + Level 4.2 Dodging
 - Level 4.0 Stealth


You had 4 spell levels left.
You didn't know any spells.
Your spell library was empty.

Dungeon Overview and Level Annotations

Branches:
Dungeon (4/15)            Ossuary (1/1)
 Temple: D:4-7

Altars:
Elyvilon
Okawaru


Innate Abilities, Weirdness & Mutations

You have a beak for a mouth.
You have claws for feet.
Your magical nature lets you fly swiftly and evasively.


Message History

a +0 dagger; 26 stones; a kobold corpse
There is an open door here.
There is a sand-covered staircase here.
The world spins around you as you enter the gateway.
You enter an ossuary!
Found a gate leading back out of this place.
There is an empty arch of ancient stone here.
HP restored.
A kobold zombie comes into view.
A hobgoblin zombie comes into view.
You hit the kobold zombie. You claw the kobold zombie.
You destroy the kobold zombie! 2 mummies and a hobgoblin zombie come into view.
A gnoll zombie comes into view.
A hobgoblin zombie comes into view.
The gnoll zombie hits you.
You puncture the gnoll zombie!
You claw the gnoll zombie, but do no damage.
The gnoll zombie is heavily damaged.
You completely miss the gnoll zombie. Your kick misses the gnoll zombie.
The gnoll zombie is heavily damaged.
The gnoll zombie hits you but does no damage.
The mummy hits you but does no damage. The mummy closely misses you.
You puncture the gnoll zombie!
You destroy the gnoll zombie!
The mummy barely misses you.
You hit the mummy. Your kick misses the mummy.
The mummy is moderately damaged.
The mummy barely misses you. The mummy hits you!
You puncture the mummy! You claw the mummy. You peck the mummy.
The mummy is severely damaged.
A kobold zombie comes into view.
You hit the mummy. You claw the mummy.
You destroy the mummy!
The mummy hits you!
* * * LOW HITPOINT WARNING * * *
It was a potion of curing.
You feel better. The hobgoblin zombie misses you. The mummy hits you!!
Ouch! That really hurt!
You die...

........#
......#
#Z...#
#....#
#..Z.#
#....#
#....#
#.MZ.#
#..@.#
#....#
#.∩∩.#
######


You could see a mummy, 2 hobgoblin zombies and a kobold zombie.

Vanquished Creatures
  A necrophage (D:4)
  An iguana (D:4)
  A mummy (Ossuary)
  3 adders (D:2)
  An ufetubus (D:2)
  2 worms (D:2)
  2 dart slugs
  An orc (D:4)
  8 ball pythons
  4 endoplasms
  3 giant cockroaches
  4 goblins
  3 hobgoblins
  4 kobolds
  5 quokkas
  2 frilled lizards (D:2)
  A gnoll zombie (Ossuary)
  A kobold zombie (Ossuary)
  3 rats
50 creatures vanquished.

Notes
Turn   | Place    | Note
-------+----------+-------------------------------------------
     0 | D:1      | Shayle the Tengu Brigand began the quest for the Orb.
     0 | D:1      | Reached XP level 1. HP: 12/12 MP: 2/2
    77 | D:1      | Reached XP level 2. HP: 15/18 MP: 3/3
   326 | D:1      | Found a faded altar of an unknown god.
   739 | D:2      | Found a white marble altar of Elyvilon.
   833 | D:2      | Reached XP level 3. HP: 10/22 MP: 4/4
  1021 | D:2      | Identified the +3 spear of Sudiydou {antimagic, rElec
                  | Dex+5}
  1326 | D:2      | Reached XP level 4. HP: 26/28 MP: 1/5
  1809 | D:3      | You fall into a shaft and drop 1 floor!
  1820 | D:4      | Noticed a necrophage
  1841 | D:4      | Killed a necrophage
  1842 | D:4      | Gained mutation: Your magical nature lets you fly swiftly
                  | and evasively. [Tengu growth]
  1842 | D:4      | Reached XP level 5. HP: 32/33 MP: 2/6
  1942 | D:4      | Found an iron altar of Okawaru.
  2002 | D:4      | Found a sand-covered staircase.
  2018 | Ossuary  | Entered an ossuary
  2074 | Ossuary  | Slain by a mummy

Illustrated notes

Levels and vault maps discovered:
D:1:      ncdulo_wetmaze, layout_rooms, shapermc_ecumenical_altar_mp_ritualfount
D:2:      layout_basic, basic_altar
D:3:      layout_basic, nicolae_overflow_hidden_temple,
          lightli_sewer_entry_pipes, uniq_terence
D:4:      layout_rooms, mainiacjoe_overflow_swirl, enter_ossuary_5,
          uniq_blork_the_orc
Ossuary:  ossuary_tomb_3

Skill      XL: |  1  2  3  4  5 |
---------------+----------------+-----
Dodging        | 2 3 4 |  4.2
Fighting       | 3 4 |  4.2
Short Blades   | |  2.1
Throwing       | |  2.0
Stealth        | |  4.0

Action                   |  1- 3 |  4- 6 || total
-------------------------+-------+-------++-------
Melee: Dagger            |    47 |       ||    47
       Kick              |    19 |    17 ||    36
       Peck              |     9 |    11 ||    20
       Spear             |    19 |    54 ||    73
       Punch             |     1 |       ||     1
  Use: Potion            |       |     1 ||     1
 Stab: Sleeping          |     3 |     4 ||     7
Armor: Robe              |    18 |     6 ||    24
Dodge: Dodged            |    43 |    32 ||    75

Table legend: (Time is in decaauts)
 A = Elapsed time spent in this place.
 B = Non-inter-level travel time spent in this place.
 C = Inter-level travel time spent in this place.
 D = Time resting spent in this place.
 E = Time spent auto-exploring this place.
 F = Levels seen in this place.
 G = Mean time per level.
                   A        B        C        D        E       F      G
               +--------+--------+--------+--------+--------+-----+--------+
         Total |   2064 |   1977 |     87 |    180 |   1228 |   5 |  412.8 |
       Dungeon |   2010 |   1923 |     87 |    180 |   1213 |   4 |  502.5 |
       Ossuary |     54 |     54 |      0 |      0 |     14 |   1 |   54.0 |
               +--------+--------+--------+--------+--------+-----+--------+

Top non-repeatable levels by time:
     D:2: 1076 daAuts
     D:1: 733 daAuts
     D:4: 196 daAuts
 Ossuary: 54 daAuts
     D:3: 4 daAuts
